 Dungeon Crawl Stone Soup version 0.25.1-2-g60ff931df9 (webtiles) character file.

Game seed: 2036331346180143558

496727 selver the Devastator (level 23, -18/164 HPs)
             Began as a Demonspawn Venom Mage on Oct 28, 2020.
             Was the Champion of Vehumet.
             Killed by the air
             ... invoked by a titan
              (22 damage)
             ... on level 5 of the Vaults on Oct 31, 2020.
             The game lasted 09:21:01 (68848 turns).

selver the Devastator (Demonspawn Venom Mage)      Turns: 68848, Time: 09:21:01

Health: -18/164    AC: 37    Str: 26    XL:     23   Next: 97%
Magic:  9/40       EV: 11    Int: 34    God:    Vehumet [******]
Gold:   3489       SH: 18    Dex: 18    Spells: 1/49 levels left

rFire    + + .     SeeInvis .   a - +5 demon blade (vamp)
rCold    + . .     Gourm    .   w - +4 kite shield "Syvemodi" {Int+7}
rNeg     . . .     Faith    .   U - +16 plate armour "Boal" {Str+4}
rPois    +         Spirit   .   (helmet unavailable)
rElec    +         Reflect  .   Y - scarf {rC+ rF+}
rCorr    .         Harm     .   m - +2 pair of gloves {Str+3}
MR       +++..                  D - +2 pair of boots {run}
Stlth    ..........             X - amulet of Doism {RegenMP MR+ Str+6}
HPRegen  0.37/turn              o - ring of the Scavenger {rElec rPois Int+6 Dex+3}
MPRegen  0.52/turn              L - ring of protection from magic

@: heavily drained, quick
A: horns 3, demonic guardian 3, fire resistance 1, frail 1, spiny 2, sturdy
frame 3
}: 2/15 runes: decaying, gossamer
a: Renounce Religion


You were on level 5 of the Vaults.
You worshipped Vehumet.
Vehumet was exalted by your worship.
You were very hungry.

You visited 9 branches of the dungeon, and saw 44 of its levels.
You also visited: Ossuary, Gauntlet, Ice Cave and Volcano.

You collected 6156 gold pieces.
You spent 2667 gold pieces at shops.

Inventory:

Hand Weapons
 a - a +5 vampiric demon blade (weapon)
 b - a +2 quick blade of freezing
 T - the +5 glaive "Pofueh" {flame, rElec rC- Str+4}
   (You took it off a minotaur in a Gauntlet)

   It has been specially enchanted to burn those struck by it, causing extra
   injury to most foes and up to half again as much damage against particularly
   susceptible opponents.
   Big, fiery blades are also staple armaments of hydra-hunters.
   It affects your strength (+4).
   It makes you vulnerable to cold.
   It insulates you from electricity.
Armour
 m - a +2 pair of gloves of strength (worn)
 w - the +4 kite shield "Syvemodi" (worn) {Int+7}
   (You took it off Donald on level 1 of the Elven Halls)

   It affects your intelligence (+7).
 B - the +4 buckler of Fortification {MP+9 SInv}
   (You acquired it on level 1 of the Depths)

   It affects your magic capacity (+9).
   It lets you see invisible.
 D - a +2 pair of boots of running (worn)
 I - a scarf of repulsion
 U - the +16 plate armour "Boal" (worn) {Str+4}
   (You found it on level 4 of the Lair of Beasts)

   It affects your strength (+4).
 Y - a scarf of resistance (worn)
Jewellery
 f - an uncursed ring of magical power
 l - an uncursed ring of positive energy
 o - the ring of the Scavenger (left hand) {rElec rPois Int+6 Dex+3}
   (You found it on level 5 of the Depths)

   [ring of intelligence]

   It affects your intelligence (+6).
   It affects your dexterity (+3).
   It insulates you from electricity.
   It protects you from poison.
 u - a +6 ring of intelligence
 v - an uncursed ring of positive energy
 y - the ring "Gevequs" {rC+ Str+4 Int+3 Dex-4}
   (You took it off a wight on level 10 of the Dungeon)

   [ring of protection from cold]

   It affects your strength (+4).
   It affects your intelligence (+3).
   It affects your dexterity (-4).
   It protects you from cold.
 A - the ring "Tachoisa" {rN+ Slay+4}
   (You took it off an ironheart preserver on level 2 of the Vaults)

   [ring of slaying]

   It affects your accuracy and damage with ranged weapons and melee attacks
   (+4).
   It protects you from negative energy.
 F - a +4 ring of evasion
 G - an uncursed ring of wizardry
 J - a cursed -4 ring of dexterity
 L - a ring of protection from magic (right hand)
 N - an uncursed ring of protection from fire
 Q - the ring of Hiptot {Dex+2 SInv}
   (You found it on level 4 of the Depths)

   [ring of see invisible]

   It affects your dexterity (+2).
   It lets you see invisible.
 R - a +6 ring of strength
 V - the ring "Ireaptub" {rF- rC++ rCorr Dex+3}
   (You found it in an ice cave)

   [ring of resist corrosion]

   It affects your dexterity (+3).
   It makes you vulnerable to fire.
   It greatly protects you from cold.
   It provides partial protection from all sources of acid and corrosion.
 X - the amulet of Doism (around neck) {RegenMP MR+ Str+6}
   (You found it on level 6 of the Lair of Beasts)

   [amulet of magic regeneration]

   It increases your magic regeneration.
   It affects your strength (+6).
   It affects your resistance to hostile enchantments.
Wands
 i - a wand of digging (44)
 P - a wand of disintegration (21)
Scrolls
 j - 13 scrolls of fear
 k - 9 scrolls of enchant armour
 n - 5 scrolls of magic mapping
 p - 25 scrolls of teleportation
 r - 6 scrolls of identify
 s - 21 scrolls of remove curse
 C - 2 scrolls of summoning
 O - 6 scrolls of amnesia
 S - a scroll of fog
 W - a scroll of silence
Potions
 d - 8 potions of flight
 e - 3 potions of cancellation
 h - a potion of resistance
 x - 2 potions of mutation
 z - 16 potions of curing
 E - 3 potions of berserk rage
 H - a potion of invisibility
 K - 2 potions of stabbing
 M - 3 potions of ambrosia
Comestibles
 c - 17 rations


   Skills:
 + Level 15.7(13.1) Fighting
 - Level 14.9(12.3) Long Blades
 + Level 12.5(10.0) Armour
 - Level 5.7(3.6) Dodging
 - Level 1.7(0.0) Stealth
 - Level 15.0(12.4) Shields
 + Level 13.9(11.3) Spellcasting
 - Level 19.9(17.0) Conjurations
 * Level 5.7(3.6) Summonings
 - Level 1.4(0.0) Translocations
 - Level 0.8(0.0) Transmutations
 - Level 13.6(11.1) Fire Magic
 - Level 5.7(3.7) Earth Magic
 - Level 8.6(6.3) Poison Magic


You had one spell level left.
You knew the following spells:

 Your Spells              Type           Power        Failure   Level  Hunger
a - Iron Shot             Conj/Erth      ######....   5%          6    ####...
b - Spellforged Servitor  Conj/Summ      ######....   26%         7    ######.
c - Olgreb's Toxic Radia  Pois           ######..     1%          4    None
e - Ignite Poison         Fire/Tmut/Pois ######..     1%          3    None
f - Mephitic Cloud        Conj/Pois/Air  ######..     1%          3    None
g - Sticky Flame          Conj/Fire      #######.     1%          4    None
h - Fireball              Conj/Fire      #######...   1%          5    #......
i - Orb of Destruction    Conj           #######...   1%          7    ######.
j - Blink                 Tloc           N/A          13%         2    None
k - Bolt of Magma         Conj/Fire/Erth #######...   1%          5    #......
l - Passwall              Tmut/Erth      ####....     6%          2    None

Your spell library contained the following spells:

 Spells                   Type           Power        Failure   Level  Hunger
 Ignition                 Fire           #######...   80%         8    #######
 Fire Storm               Conj/Fire      #######...   99%         9    #######
 Tornado                  Air            ###.......   100%        9    #######
 Foxfire                  Conj/Fire      ####         1%          1    None
 Sandblast                Erth           #####.       1%          1    None
 Shock                    Conj/Air       ####         1%          1    None
 Summon Small Mammal      Summ           ####         1%          1    None
 Freeze                   Ice            ###.         2%          1    None
 Sting                    Tmut/Pois      ####         2%          1    None
 Animate Skeleton         Necr           N/A          9%          1    None
 Apportation              Tloc           ###...       9%          1    None
 Beastly Appendage        Tmut           ###...       9%          1    None
 Corona                   Hex            ###....      9%          1    None
 Infusion                 Chrm           ###.         9%          1    None
 Conjure Flame            Conj/Fire      #######.     1%          3    None
 Inner Flame              Hex/Fire       ######..     1%          3    None
 Stone Arrow              Conj/Erth      ######       1%          3    None
 Hailstorm                Conj/Ice       ######..     1%          4    None
 Irradiate                Conj/Tmut      ######....   2%          5    #......
 Iskenderun's Battlesphe  Conj/Chrm      ######..     2%          5    #......
 Call Imp                 Summ           #####...     3%          2    None
 Poisonous Vapours        Pois/Air       #####.       3%          2    None
 Call Canine Familiar     Summ           #####...     6%          3    None
 Frozen Ramparts          Ice            ###...       7%          3    None
 Spider Form              Tmut/Pois      #####.....   7%          3    None
 Shroud of Golubria       Chrm/Tloc      ###...       13%         2    None
 Song of Slaying          Chrm           ###.....     13%         2    None
 Sticks to Snakes         Tmut           ###.....     13%         2    None
 Summon Guardian Golem    Hex/Summ       ####....     13%         3    None
 Lee's Rapid Deconstruct  Erth           #####.....   14%         5    #......
 Confusing Touch          Hex            ###.....     26%         3    None
 Gell's Gravitas          Tloc           ###.......   26%         3    None
 Ozocubu's Armour         Chrm/Ice       ###.....     26%         3    None
 Spectral Weapon          Hex/Chrm       ###.....     26%         3    None
 Vampiric Draining        Necr           ###.......   26%         3    None
 Freezing Cloud           Conj/Ice/Air   ######....   32%         6    ####...
 Leda's Liquefaction      Hex/Erth       ####......   38%         4    None
 Petrify                  Tmut/Erth      ####....     38%         4    None
 Summon Ice Beast         Ice/Summ       ####....     38%         4    None
 Summon Lightning Spire   Summ/Air       ####....     38%         4    None
 Yara's Violent Unravell  Hex/Tmut       ###.......   50%         5    #......
 Ice Form                 Ice/Tmut       ###.....     65%         4    None
 Blade Hands              Tmut           ###.......   94%         5    #......
 Metabolic Englaciation   Hex/Ice        ###.......   94%         5    #......
 Statue Form              Tmut/Erth      ####.....    99%         6    ####...
 Hydra Form               Tmut           ###.......   100%        6    ####...
 Dragon Form              Tmut           ###.......   100%        7    ######.
 Malign Gateway           Summ/Tloc      ####......   100%        7    ######.
 Summon Hydra             Summ           #####.....   100%        7    ######.


Dungeon Overview and Level Annotations

Branches:
Dungeon (15/15)            Temple (1/1) D:4            Lair (6/6) D:8
  Swamp (4/4) Lair:4       Spider (4/4) Lair:3        Slime (0/5) Lair:6
    Orc (2/2) D:10            Elf (2/3) Orc:2        Vaults (5/5) D:13
  Crypt (0/3) Vaults:2     Depths (5/5) D:15            Zot (0/5) Depths:5
Ossuary (visited)           IceCv (visited)         Volcano (visited)
Gauntlet (visited)

Altars:
Ashenzari
Cheibriados
Dithmenos
Elyvilon
Fedhas
Gozag
Hepliaklqana
Kikubaaqudgha
Makhleb
Nemelex Xobeh
Okawaru
Qazlal
Ru
Sif Muna
Trog
Uskayaw
Vehumet
Wu Jian
Xom
Yredelemnul
Zin
The Shining One
Beogh
Jiyva
Lugonu

Shops:
D:6 [   D:7 *   D:12 *   Orc:2 ([*:   Elf:1 (![[:   Elf:2 }*   Vaults:1 [

Portals:
Hell: Depths:1 Depths:2 Depths:3 Depths:4 Depths:5
Abyss: Orc:2 Depths:2 Depths:4
Pandemonium: Depths:2 Depths:3
Ziggurat: Depths:5

Annotations:
D:4 3 runed translucent doors, Newbie's ghost, weakling GrBe
D:13 2 transporters
Swamp:2 Roxanne
Orc:2 2 transporters, babuloseo's ghost, journeyman HuHu
Vaults:1 1 runed translucent door, Tang's ghost, master DsGl
Depths:4 1 transporter


Innate Abilities, Weirdness & Mutations

You have a pair of large horns on your head.
A powerful demonic guardian rushes to your aid.
Your flesh is heat resistant. (rF+)
You are mostly covered in sharp spines.
Your movements are significantly less encumbered by armour. (ER -6)
You are frail. (-10% HP)


Message History

As you read the scroll of teleportation, it crumbles to dust.
You feel strangely unstable.
You barely miss the shadow dragon. Your headbutt misses the shadow dragon.
The shadow dragon is severely wounded.
You hit the shadow dragon. You headbutt the shadow dragon.
The shadow dragon is severely wounded.
The shadow dragon bites you but does no damage.
You block the shadow dragon's attack. The shadow dragon claws you.
* * * LOW HITPOINT WARNING * * *
The orc knight roars a battlecry!
You hear a shout!
You slash the shadow dragon! Your headbutt misses the shadow dragon.
The shadow dragon is severely wounded.
The runic seals fade away.
Your surroundings suddenly seem different.
A titan comes into view.
The titan shouts!
You hear two shouts!
The titan waves its arms in wide circles.
The air twists around and strikes you!!
You die...

..#.##
C
#.###
# .#
## #
#. # =
## #
.###.#
#
##.#.$
#.[.#
#@#
##.#
..#
.## #.
! .#
#.


You could see a titan.

Vanquished Creatures
  A juggernaut (Depths:5)
  Bai Suzhen (Vaults:4)
  4 caustic shrikes (Depths:5)
  3 golden dragons (Depths:5)
  Nikola (Spider:4)
  Jory (Depths:4)
  4 liches
  4 tentacled monstrosities
  Jorgrun (D:12)
  An Ice Fiend (IceCv)
  A titan (Vaults:5)
  A quicksilver dragon (Depths:5)
  A thorn hunter (Swamp:2)
  3 storm dragons (Depths:5)
  5 sphinxes
  2 shadow dragons
  4 tengu reavers
  Donald (Elf:1)
  A frost giant (Depths:5)
  2 fire giants
  3 deep elf sorcerers
  A ghost moth (Spider:4)
  An orc warlord (Orc:2)
  7 vault wardens
  An azure jelly (Swamp:4)
  2 balrugs
  2 iron dragons
  6 emperor scorpions
  A deep elf elementalist (Vaults:5)
  A draconian shifter (Depths:5)
  A war gargoyle (Vaults:5)
  9 ironheart preservers
  21 very ugly things
  23 stone giants
  9 entropy weavers
  2 deep elf demonologists
  Nessos (D:13)
  A red draconian (Depths:5)
  A purple draconian (Depths:5)
  A white draconian (Depths:5)
  A minotaur (Gauntlet)
  3 yellow draconians (Depths:5)
  Azrael (Orc:2)
  2 deep elf annihilators
  14 spark wasps
  A blizzard demon (Depths:3)
  2 crystal guardians (Vaults:3)
  A deep elf death mage (Vaults:2)
  Snorg (D:13)
  12 fire dragons
  Josephine (D:12)
  11 ettins
  2 deep elf high priests (Vaults:5)
  10 yaktaur captains
  14 ogre magi
  7 great orbs of eyes
  10 rakshasas
  12 ice dragons
  3 shambling mangroves
  5 hydras
  2 ghost crabs
  10 alligators
  26 vault guards
  Erica (D:10)
  8 centaur warriors
  2 spriggan air magi
  A catoblepas (Lair:6)
  34 two-headed ogres
  4 death knights
  5 death yaks
  6 deep troll shamans
  17 dancing weapons
  A queen ant (Spider:4)
  3 spriggan berserkers
  4 tengu warriors
  2 vampire magi
  11 deep troll earth magi
  A hell hog (Volcano)
  An orc high priest (Orc:2)
  Urug (D:13)
  27 deep elf knights
  2 sun demons (Depths:1)
  An iron troll (Depths:2)
  29 deep trolls
  A sixfirhy (Depths:3)
  9 hell knights
  14 skeletal warriors
  5 unseen horrors
  2 glowing orange brains
  A swamp dragon (Swamp:2)
  Pikel (D:8)
  A torturous demonspawn (Depths:3)
  7 wizards
  15 deep elf archers
  4 phantasmal warriors
  15 ironbrand convokers
  13 orc knights
  3 lindwurms (Lair:6)
  13 orb spiders
  4 necromancers
  6 cyclopes
  A manticore (shapeshifter) (D:11)
  2 oklob plants (Lair:4)
  2 manticores
  10 orc sorcerers
  A faun (shapeshifter) (Vaults:2)
  47 ugly things
  54 deep elf magi
  27 wolf spiders
  2 moths of wrath
  A moth of wrath (shapeshifter) (Depths:2)
  2 centaur zombies
  12 vault sentinels
  A stone giant skeleton (Vaults:2)
  2 ice statues
  3 rust devils (Depths:2)
  9 elephants
  6 naga magi (D:12)
  4 black mambas
  A torpor snail (Lair:6)
  A spiny frog (shapeshifter) (Vaults:3)
  3 rime drakes (Lair:2)
  5 spectral swamp worms (Depths:2)
  19 spiny frogs
  37 yaktaurs
  11 komodo dragons
  A human zombie (Vaults:3)
  An efreet (D:11)
  9 demonic crawlers
  6 freezing wraiths
  13 ice devils (IceCv)
  A hellwing (Depths:3)
  6 trolls
  A jumping spider (shapeshifter) (Vaults:2)
  4 tengu conjurers
  27 hornets
  2 queen bees
  A red devil (Depths:3)
  A troll (shapeshifter) (Vaults:3)
  2 yaktaur skeletons
  31 jumping spiders
  5 polar bears (Lair:6)
  A merfolk (D:10)
  10 tyrant leeches
  A blink frog (shapeshifter) (D:15)
  4 blink frogs
  12 bog bodies
  A meliai zombie (D:13)
  41 slime creatures
  A hornet (shapeshifter) (Depths:5)
  A dream sheep (Lair:6)
  An ettin zombie (Vaults:3)
  Sigmund (D:6)
  2 raiju (shapeshifter)
  13 hippogriffs
  An ettin skeleton (Vaults:3)
  79 redbacks
  A tarantella (shapeshifter) (Vaults:2)
  4 air elementals
  A spriggan (shapeshifter) (Vaults:2)
  3 shadows
  19 spriggans
  5 water elementals
  A yak (shapeshifter) (Vaults:1)
  30 tarantellas
  3 wyverns
  32 yaks
  14 humans (D:13)
  6 wraiths
  4 hungry ghosts
  A basilisk (shapeshifter) (Vaults:2)
  2 basilisks
  A neqoxec (Depths:2)
  2 vampire mosquitoes (Swamp:4)
  6 fire elementals
  4 swamp worm simulacra (Swamp:4)
  24 insubstantial wisps
  2 wargs
  3 acid dragons
  16 swamp worms
  14 two-headed ogre zombies (Orc:1)
  A soldier ant (shapeshifter) (Vaults:4)
  5 soldier ants
  7 water moccasins
  A hell hound (Orc:2)
  13 hydra simulacra (Swamp:4)
  4 porcupines
  5 black bears
  45 orc warriors
  3 swamp drakes
  3 ice beasts
  8 sky beasts
  A necrophage (D:6)
  An eye of draining (shapeshifter) (Vaults:3)
  2 phantoms
  An ettin simulacrum (Vaults:3)
  An eye of draining (D:10)
  9 centaurs
  29 wolves
  18 boggarts
  An elf skeleton (Vaults:2)
  33 ogres
  17 crocodiles
  6 human skeletons
  3 big kobolds
  2 earth elementals (Elf:1)
  17 bullfrogs
  A gnoll sergeant (Orc:2)
  A wyvern zombie (D:13)
  A water moccasin skeleton (D:8)
  33 scorpions
  48 killer bees
  2 vampire bats (Orc:1)
  12 wights
  2 electric eels
  2 howler monkeys (D:10)
  8 crimson imps
  2 quasits
  2 bullfrog zombies
  6 hounds
  A wyvern simulacrum (Gauntlet)
  21 orc priests
  4 centaur skeletons
  4 iguanas
  2 iron imps (Depths:2)
  Jessica (D:3)
  Ijyb (D:3)
  3 hell rats
  36 orc wizards
  26 worker ants
  A big kobold zombie (Ossuary)
  3 bullfrog simulacra (Gauntlet)
  3 hound zombies
  A hound skeleton (D:8)
  8 mummies (Ossuary)
  A worker ant zombie (D:8)
  Robin (D:4)
  12 adders
  A river rat (D:8)
  6 shadow imps
  9 white imps
  3 swamp drake simulacra (Swamp:4)
  7 ufetubi
  2 adder skeletons
  2 worms (D:2)
  3 dart slugs
  8 leopard geckos
  139 orcs
  A ball python (D:4)
  12 bats
  3 giant cockroaches
  14 goblins
  12 hobgoblins
  16 jackals
  16 kobolds
  6 quokkas
  6 frilled lizards
  A hobgoblin zombie (Ossuary)
  A jackal zombie (D:6)
  3 kobold zombies (Ossuary)
  3 orc zombies (Ossuary)
  A quokka skeleton (D:4)
  7 rats
  2 fungi (Lair:5)
  3 plants (Lair:4)
  A starspawn tentacle (Depths:4)
2076 creatures vanquished.

Vanquished Creatures (collateral kills)
  Mara (Swamp:3)
  A juggernaut (Depths:5)
  Margery (Vaults:3)
  A caustic shrike (Depths:5)
  An Ice Fiend (IceCv)
  A lich (Vaults:2)
  Asterion (Depths:2)
  3 sphinxes
  A tengu reaver (Vaults:2)
  A shadow dragon (Vaults:5)
  An orc warlord (Orc:2)
  2 emperor scorpions (Spider:4)
  A ghost moth (Spider:4)
  Aizul (Swamp:2)
  A deep elf sorcerer (Depths:5)
  A very ugly thing (Depths:5)
  A stone giant (Depths:5)
  A black draconian (Depths:5)
  An ettin (Vaults:5)
  A yaktaur captain (Depths:5)
  A fire dragon (Vaults:1)
  4 hydras
  An ice dragon (Depths:5)
  2 centaur warriors (D:15)
  5 two-headed ogres
  2 alligators
  2 death yaks (D:8)
  4 skeletal warriors
  A wizard (D:15)
  A lindwurm (Lair:6)
  A deep elf archer (Vaults:1)
  3 deep elf magi (D:12)
  2 oklob plants (Lair:4)
  A centaur zombie (D:13)
  4 wolf spiders
  8 ugly things
  2 manticores
  An elephant (Lair:2)
  5 spiny frogs
  2 yaktaurs
  A freezing wraith (Vaults:2)
  An ice devil (IceCv)
  A jumping spider (Spider:4)
  Grinder (D:5)
  A blink frog (shapeshifter) (Depths:5)
  A slime creature (Swamp:4)
  3 blink frogs
  A bog body (Swamp:3)
  4 hippogriffs
  A redback (Spider:4)
  2 wraiths (D:12)
  A tarantella (Spider:4)
  A basilisk (Lair:1)
  11 yaks
  A human (D:13)
  A vampire mosquito (Swamp:4)
  A swamp worm (Swamp:2)
  An insubstantial wisp (Swamp:2)
  5 water moccasins
  A hell hound (Orc:2)
  2 orc warriors
  A swamp drake (Swamp:2)
  4 ogres
  2 wolves
  A boggart (Depths:2)
  2 ice beasts
  A crocodile (Lair:4)
  A bullfrog (Lair:2)
  A wyvern skeleton (D:13)
  A scorpion (D:4)
  3 killer bees
  3 wights (D:7)
  A bullfrog zombie (D:11)
  An orc priest (Orc:2)
  A jelly (D:10)
  A shadow imp (D:11)
  An ufetubus (IceCv)
  3 orcs
  A giant cockroach (D:5)
  A butterfly (Lair:3)
147 creatures vanquished.

Vanquished Creatures (others)
  A dancing weapon (Elf:2)
  An alligator (Swamp:4)
  4 deep elf magi
  A spiny frog (Swamp:4)
  A jumping spider (shapeshifter) (Vaults:2)
  2 tyrant leeches (Swamp:4)
  A slime creature (Swamp:4)
  A human (D:13)
  A swamp drake (Swamp:4)
  2 slaves (D:8)
  A necrophage (D:8)
  A boggart (Elf:1)
  A water moccasin skeleton (D:11)
  A howler monkey (D:8)
  An adder (D:8)
  2 white imps (IceCv)
  3 ufetubi (IceCv)
  252 foxfires
  16 fungi
  7 plants
  4 starspawn tentacles (Depths:4)
304 creatures vanquished.

Grand Total: 2527 creatures vanquished

Notes
Turn   | Place    | Note
-------+----------+-------------------------------------------
     0 | D:1      | selver the Demonspawn Venom Mage began the quest for the
                  | Orb.
     0 | D:1      | Reached XP level 1. HP: 13/13 MP: 3/3
     2 | D:1      | Noticed a vampire
     4 | D:1      | Noticed a demigod
     4 | D:1      | Noticed a formicid
     6 | D:1      | Noticed a centaur
     6 | D:1      | Noticed a vine stalker
     8 | D:1      | Noticed a halfling
     8 | D:1      | Noticed a human
    10 | D:1      | Noticed an octopode
    12 | D:1      | Noticed a gargoyle
    12 | D:1      | Noticed a ghoul
    14 | D:1      | Noticed a felid
    14 | D:1      | Noticed a tengu
    16 | D:1      | Noticed a naga
    16 | D:1      | Noticed an ogre
    18 | D:1      | Noticed a merfolk
    20 | D:1      | Noticed a dwarf
    20 | D:1      | Noticed a troll
    22 | D:1      | Noticed a demonspawn
    22 | D:1      | Noticed a minotaur
    24 | D:1      | Noticed a spriggan
    26 | D:1      | Noticed an elf
    26 | D:1      | Noticed a draconian
   724 | D:1      | Gained mutation: Your movements are slightly less
                  | encumbered by armour. (ER -2) [demonic ancestry]
   724 | D:1      | Reached XP level 2. HP: 19/19 MP: 5/5
   848 | D:1      | Learned a level 2 spell: Poisonous Vapours
  1535 | D:2      | Reached XP level 3. HP: 5/24 MP: 1/6
  2542 | D:2      | Found a bloodstained altar of Trog.
  2670 | D:3      | Gained mutation: You have a pair of small horns on your
                  | head. [demonic ancestry]
  2670 | D:3      | Reached XP level 4. HP: 26/30 MP: 3/7
  2805 | D:3      | Reached skill level 5 in Poison Magic
  3014 | D:3      | Noticed Ijyb
  3232 | D:3      | Killed Ijyb
  3232 | D:3      | Gained mutation: A weak demonic guardian rushes to your
                  | aid. [demonic ancestry]
  3232 | D:3      | Reached XP level 5. HP: 27/35 MP: 2/9
  3436 | D:3      | Found an ancient bone altar of Kikubaaqudgha.
  3461 | D:3      | Noticed Jessica
  3464 | D:3      | Killed Jessica
  4037 | D:4      | Noticed Robin
  4047 | D:4      | Killed Robin
  4131 | D:4      | Gained mutation: You are partially covered in sharp spines.
                  | [demonic ancestry]
  4131 | D:4      | Reached XP level 6. HP: 41/41 MP: 3/10
  4389 | D:4      | Found a glowing silver altar of Zin.
  4390 | D:4      | Found an opulent altar of Gozag.
  4592 | D:4      | Learned a level 4 spell: Olgreb's Toxic Radiance
  4673 | D:4      | Found a staircase to the Ecumenical Temple.
  4681 | Temple   | Entered the Ecumenical Temple
  4838 | Temple   | Became a worshipper of Vehumet
  5217 | D:4      | Found a runed translucent gate.
  5217 | D:4      | Noticed Newbie's ghost (weakling GrBe)
  5218 | D:4      | Found a runed translucent gate.
  5218 | D:4      | Identified the +6 plate armour of Levity {rPois MP+9 Dex+6}
  5218 | D:4      | Noticed an orc warrior
  5219 | D:4      | Found a runed translucent gate.
  5226 | D:4      | Found a roughly hewn altar of Beogh.
  5354 | D:5      | Entered Level 5 of the Dungeon
  5362 | D:5      | Reached XP level 7. HP: 46/46 MP: 7/12
  5855 | D:5      | Reached * piety under Vehumet
  5855 | D:5      | Offered knowledge of Freeze by Vehumet.
  5941 | D:5      | Learned a level 1 spell: Foxfire
  6004 | D:5      | Noticed Grinder
  6022 | D:5      | Killed Grinder
  6022 | D:5      | Reached skill level 1 in Fire Magic
  6043 | D:5      | Learned a level 3 spell: Ignite Poison
  6170 | D:5      | Reached XP level 8. HP: 52/52 MP: 10/15
  6220 | D:5      | Learned a level 3 spell: Mephitic Cloud
  6621 | D:6      | Reached skill level 5 in Spellcasting
  6621 | D:6      | Reached skill level 1 in Conjurations
  6879 | D:6      | Found Riofoxol's Armour Boutique.
  7003 | D:6      | Found a stormy altar of Qazlal.
  7006 | D:6      | Noticed an air elemental
  7030 | D:6      | Noticed Sigmund
  7036 | D:6      | Killed Sigmund
  7036 | D:6      | Reached skill level 2 in Conjurations
  7296 | D:6      | Reached skill level 3 in Conjurations
  7457 | D:6      | Found a shadowy altar of Dithmenos.
  7617 | D:7      | Found a sand-covered staircase.
  7621 | Ossuary  | Entered an ossuary
  7634 | Ossuary  | Offered knowledge of Sandblast by Vehumet.
  7645 | Ossuary  | Reached ** piety under Vehumet
  7660 | Ossuary  | Gained mutation: A demonic guardian rushes to your aid.
                  | [demonic ancestry]
  7660 | Ossuary  | Reached XP level 9. HP: 47/57 MP: 7/17
  7982 | D:6      | Bought a +0 pair of boots of running for 346 gold pieces
  8061 | D:7      | Reached skill level 5 in Fire Magic
  8313 | D:7      | Reached skill level 4 in Conjurations
  8449 | D:7      | Found a bloodstained altar of Trog.
  8677 | D:7      | Found Sous's Assorted Antiques.
  8695 | D:7      | Bought a large opal ring for 90 gold pieces
  8695 | D:7      | Bought a knobbly onyx ring for 90 gold pieces
  8695 | D:7      | Bought a bubbling black potion for 16 gold pieces
  8695 | D:7      | Bought a scroll of identify for 36 gold pieces
  9003 | D:8      | Offered knowledge of Static Discharge by Vehumet.
  9012 | D:8      | Learned a level 4 spell: Sticky Flame
  9175 | D:8      | Noticed a death yak
  9208 | D:8      | Reached *** piety under Vehumet
  9211 | D:8      | Reached skill level 5 in Conjurations
  9211 | D:8      | Noticed a death yak
  9215 | D:8      | Noticed a death yak
  9216 | D:8      | Killed a death yak
  9219 | D:8      | Killed a death yak
  9219 | D:8      | Gained mutation: You are mostly covered in sharp spines.
                  | [demonic ancestry]
  9219 | D:8      | Reached XP level 10. HP: 63/63 MP: 0/19
  9226 | D:8      | Killed a death yak
  9270 | D:8      | Offered knowledge of Dazzling Flash by Vehumet.
  9422 | D:8      | Found a staircase to the Lair.
  9579 | D:8      | Noticed Pikel
  9589 | D:8      | Killed Pikel
  9589 | D:8      | Reached skill level 1 in Fighting
  9589 | D:8      | Reached skill level 1 in Armour
 10323 | D:9      | Learned a level 5 spell: Fireball
 10590 | D:9      | Reached **** piety under Vehumet
 10774 | D:9      | Offered knowledge of Bolt of Magma by Vehumet.
 11453 | Lair:1   | Entered Level 1 of the Lair of Beasts
 11498 | Lair:1   | Noticed a spiny frog
 11503 | Lair:1   | Killed a spiny frog
 11583 | Lair:1   | Reached XP level 11. HP: 76/76 MP: 14/23
 11589 | Lair:1   | Got a pair of fine boots
 11592 | Lair:1   | Identified the cursed +0 pair of boots of Weuvustimo {Harm
                  | rN+} (You found it on level 1 of the Lair of Beasts)
 11652 | Lair:1   | Reached ***** piety under Vehumet
 11652 | Lair:1   | Offered knowledge of Hailstorm by Vehumet.
 12022 | Lair:1   | Reached skill level 5 in Fighting
 12741 | Lair:2   | Identified a scroll of acquirement
 12741 | Lair:2   | Acquired an uncursed staff of wizardry
 12985 | Lair:2   | Reached skill level 5 in Armour
 13420 | Lair:2   | Reached XP level 12. HP: 86/92 MP: 25/25
 13543 | Lair:2   | Offered knowledge of Orb of Destruction by Vehumet.
 13613 | Lair:2   | Reached skill level 5 in Dodging
 13659 | Lair:2   | Reached skill level 6 in Conjurations
 14030 | Lair:3   | Found a hole to the Spider Nest.
 14046 | Lair:3   | Reached skill level 7 in Conjurations
 14055 | Lair:3   | Found a dark tunnel.
 14080 | Volcano  | Entered a volcano
 14146 | Volcano  | Noticed a two-headed ogre
 14146 | Volcano  | Noticed a hell hog
 14147 | Volcano  | Noticed a two-headed ogre
 14161 | Volcano  | Killed a hell hog
 14530 | Lair:3   | Reached skill level 8 in Conjurations
 14539 | Lair:3   | Learned a level 7 spell: Orb of Destruction
 15251 | Lair:4   | Reached skill level 10 in Spellcasting
 15375 | Lair:4   | Found a glowing golden altar of the Shining One.
 15384 | Lair:4   | Noticed a four-headed hydra
 15388 | Lair:4   | Killed a four-headed hydra
 15583 | Lair:4   | Reached skill level 9 in Conjurations
 16082 | Lair:4   | Reached XP level 13. HP: 62/99 MP: 26/27
 16124 | Lair:4   | Got an ancient plate armour
 16137 | Lair:4   | Identified the +16 plate armour "Boal" {Str+4} (You found
                  | it on level 4 of the Lair of Beasts)
 16281 | Lair:4   | Offered knowledge of Iron Shot by Vehumet.
 16284 | Lair:4   | Found a staircase to the Swamp.
 16799 | Lair:5   | Reached skill level 10 in Conjurations
 17659 | Lair:6   | Entered Level 6 of the Lair of Beasts
 17772 | Lair:6   | Reached skill level 11 in Conjurations
 18370 | Lair:6   | Reached skill level 12 in Conjurations
 18375 | Lair:6   | Reached skill level 1 in Shields
 18717 | Lair:6   | Got a fine sapphire amulet
 18944 | Lair:6   | Reached XP level 14. HP: 59/106 MP: 29/29
 19308 | Lair:6   | Learned a level 6 spell: Iron Shot
 19465 | Lair:6   | Identified Zugy's Disquisition on Translocation and Combat
                  | Magic
 19491 | Lair:6   | Got a coiled lead ring
 19493 | Lair:6   | Identified the ring "Gor Tie" {+Fly rPois rN++ Str+3 Int-5
                  | Stlth-} (You found it on level 6 of the Lair of Beasts)
 19495 | Lair:6   | Identified the amulet of Doism {RegenMP MR+ Str+6} (You
                  | found it on level 6 of the Lair of Beasts)
 19501 | Lair:6   | Got a smouldering cloak
 19508 | Lair:6   | Identified the cursed +0 cloak of Poasubbo {MP+9 Str-5
                  | Dex+7} (You found it on level 6 of the Lair of Beasts)
 19671 | Lair:6   | Found a viscous altar of Jiyva.
 19671 | Lair:6   | Found a staircase to the Slime Pits.
 19916 | D:10     | Entered Level 10 of the Dungeon
 19916 | D:10     | Found a roughly hewn altar of Beogh.
 19917 | D:10     | Noticed Erica
 19918 | D:10     | Offered knowledge of Starburst by Vehumet.
 19920 | D:10     | Reached skill level 13 in Conjurations
 19923 | D:10     | Killed Erica
 20057 | D:10     | Reached ****** piety under Vehumet
 20130 | D:10     | Found a staircase to the Orcish Mines.
 20604 | D:10     | Identified the ring "Gevequs" {rC+ Str+4 Int+3 Dex-4}
 20883 | D:10     | Got a spiked crystal plate armour
 20903 | D:10     | Identified the cursed +1 crystal plate armour "Ociutew"
                  | {Harm rF+} (You found it on level 10 of the Dungeon)
 21195 | Orc:1    | Entered Level 1 of the Orcish Mines
 22060 | Orc:1    | Reached skill level 14 in Conjurations
 22361 | Orc:2    | Entered Level 2 of the Orcish Mines
 22654 | Orc:2    | Noticed an orc warlord
 22662 | Orc:2    | Noticed Azrael
 22866 | Orc:2    | Noticed a stone giant
 23136 | Orc:2    | Killed a stone giant
 23283 | Orc:2    | Offered knowledge of Conjure Ball Lightning by Vehumet.
 23481 | Orc:2    | Found a staircase to the Elven Halls.
 23515 | Orc:2    | Killed Azrael
 23895 | Orc:2    | Killed an orc warlord
 23895 | Orc:2    | Reached skill level 15 in Conjurations
 24109 | Orc:2    | Noticed an orc warlord
 24140 | Orc:2    | Killed an orc warlord
 24263 | Orc:2    | Found a roughly hewn altar of Beogh.
 24478 | Orc:2    | Found Vefo's General Store.
 24566 | Orc:2    | Gained mutation: You have a pair of horns on your head.
                  | [demonic ancestry]
 24566 | Orc:2    | Reached XP level 15. HP: 101/112 MP: 26/30
 24631 | Orc:2    | Found Sunoik's Antique Weapon Emporium.
 24717 | Orc:2    | Found a transporter.
 24717 | Orc:2    | Identified the +8 great sword "Stringbean" {distort, +Blink
                  | MR- Int+6}
 24764 | Orc:2    | Found a transporter.
 24780 | Orc:2    | Found a one-way gate to the infinite horrors of the Abyss.
 24847 | Orc:2    | Found Wonlunyd's Antique Armour Emporium.
 24895 | Orc:2    | Found Huobomyo's Book Emporium.
 24918 | Orc:2    | Bought a shiny buckler for 255 gold pieces
 24945 | Orc:2    | Bought a potion of magic for 96 gold pieces
 24945 | Orc:2    | Bought a scroll of identify for 24 gold pieces
 24955 | Orc:2    | Learned a level 2 spell: Blink
 25443 | Orc:2    | Noticed babuloseo's ghost (journeyman HuHu)
 25586 | D:11     | Offered knowledge of Lee's Rapid Deconstruction by Vehumet.
 25603 | D:11     | Found a gate leading to a gauntlet.
 25610 | Gauntlet | Entered a Gauntlet
 25610 | Gauntlet | Found a transporter.
 25610 | Gauntlet | Found a transporter.
 25644 | Gauntlet | Found a transporter.
 25648 | Gauntlet | Found a transporter.
 25662 | Gauntlet | Found a transporter.
 25666 | Gauntlet | Found a transporter.
 25676 | Gauntlet | Found a transporter.
 25706 | Gauntlet | Found a transporter.
 25706 | Gauntlet | Found a transporter.
 25714 | Gauntlet | Found a transporter.
 25754 | Gauntlet | Found a transporter.
 25756 | Gauntlet | Found a transporter.
 25859 | Gauntlet | Got a spiked scale mail
 25871 | Gauntlet | Identified the +3 scale mail of the Cockroach {*Slow rN+
                  | Dex+6 SInv} (You found it in a Gauntlet)
 25923 | Gauntlet | Got a ruby-encrusted leather armour
 25934 | Gauntlet | Identified the +2 leather armour of Dramatic Exits {rN+}
                  | (You found it in a Gauntlet)
 26018 | Gauntlet | Identified the +5 glaive "Pofueh" {flame, rElec rC- Str+4}
 26093 | Gauntlet | Identified Yskysu's Papyrus of Greatest Risks and Utility
 27713 | D:12     | Noticed Josephine
 27716 | D:12     | Offered knowledge of Chain Lightning by Vehumet.
 27731 | D:12     | Killed Josephine
 27792 | D:12     | Found Elof's Assorted Antiques.
 27809 | D:12     | Bought 2 potions of haste for 400 gold pieces
 28309 | D:12     | Reached skill level 16 in Conjurations
 28403 | D:12     | Identified Sif Muna's Papyrus of the Burning Compass
 28419 | D:12     | Identified Qinimi's Tome of Enthralling Clay
 28448 | D:12     | Identified Dyurufisie's Catalogue of Talismans and Venom
 28459 | D:12     | Found a shimmering blue altar of Sif Muna.
 28562 | D:12     | Noticed a deep elf sorcerer
 28567 | D:12     | Killed a deep elf sorcerer
 28570 | D:12     | Noticed Jorgrun
 29066 | D:12     | Identified the +9 battleaxe of Cinic {flame, Int+3 Dex+5}
 29122 | D:12     | Killed Jorgrun
 29176 | D:12     | Identified Ygatitesk's Compendium of Stones
 29178 | D:12     | Identified Guupnio's Disquisition on Cold
 29358 | D:13     | Found a gate to the Vaults.
 29358 | D:13     | Noticed Nessos
 29358 | D:13     | Noticed Urug
 29363 | D:13     | Killed Urug
 29365 | D:13     | Killed Nessos
 29925 | D:13     | Noticed Snorg
 29933 | D:13     | Killed Snorg
 30317 | D:13     | Found a hide-covered altar of Uskayaw.
 30582 | D:13     | Reached skill level 10 in Armour
 30582 | D:13     | Gained mutation: Your movements are less encumbered by
                  | armour. (ER -4) [demonic ancestry]
 30582 | D:13     | Reached XP level 16. HP: 113/120 MP: 31/31
 30656 | D:13     | Found a transporter.
 30824 | D:13     | Found a roughly hewn altar of Beogh.
 30824 | D:13     | Found a transporter.
 31397 | D:14     | Reached skill level 17 in Conjurations
 31636 | D:14     | Offered knowledge of Fire Storm by Vehumet.
 31636 | D:14     | Offered knowledge of Tornado by Vehumet.
 31636 | D:14     | Offered knowledge of Ignition by Vehumet.
 32097 | D:15     | Entered Level 15 of the Dungeon
 32417 | D:15     | Found the +5 demon whip "Spellbinder" {antimagic, MR+}
 33192 | D:15     | Found a staircase to the Depths.
 33729 | Swamp:1  | Entered Level 1 of the Swamp
 35162 | Swamp:2  | Identified Roxanne's Collected Works on Transmigration
 35162 | Swamp:2  | Noticed Roxanne
 35427 | Swamp:2  | Noticed a thorn hunter
 35438 | Swamp:2  | Reached skill level 18 in Conjurations
 35439 | Swamp:2  | Killed a thorn hunter
 36607 | Swamp:2  | Noticed Aizul
 36615 | Swamp:2  | Killed Aizul
 37164 | Swamp:3  | Noticed Mara
 38122 | Swamp:3  | Killed Mara
 38122 | Swamp:3  | Gained mutation: You have a pair of large horns on your
                  | head. [demonic ancestry]
 38122 | Swamp:3  | Reached XP level 17. HP: 125/125 MP: 28/33
 38266 | Swamp:3  | Learned a level 5 spell: Bolt of Magma
 38848 | Swamp:4  | Entered Level 4 of the Swamp
 38888 | Swamp:4  | Reached skill level 1 in Long Blades
 40363 | Swamp:4  | Got a decaying rune of Zot
 40788 | Spider:1 | Entered Level 1 of the Spider Nest
 41489 | Spider:1 | Reached skill level 10 in Fire Magic
 42328 | Spider:2 | Reached skill level 5 in Long Blades
 42918 | Spider:2 | Got a pair of smouldering gloves
 42920 | Spider:2 | Identified the +1 pair of gloves "Xoicydoxt" {Harm rC-
                  | rCorr Dex+6} (You found it on level 2 of the Spider Nest)
 43691 | Spider:3 | Gained mutation: A powerful demonic guardian rushes to your
                  | aid. [demonic ancestry]
 43691 | Spider:3 | Reached XP level 18. HP: 105/132 MP: 31/35
 43703 | Spider:3 | Found a frozen archway.
 43738 | IceCv    | Entered an ice cave
 44194 | IceCv    | Noticed an Ice Fiend
 44198 | IceCv    | Killed an Ice Fiend
 44202 | IceCv    | Noticed an Ice Fiend
 44211 | IceCv    | Killed an Ice Fiend
 44419 | IceCv    | Got a slimy glass ring
 44421 | IceCv    | Identified the ring "Ireaptub" {rF- rC++ rCorr Dex+3} (You
                  | found it in an ice cave)
 45578 | Spider:4 | Entered Level 4 of the Spider Nest
 45602 | Spider:4 | Identified Cigotuvi's Guide on Dark Rituals and Shape
                  | Shifting
 46112 | Spider:4 | Reached skill level 10 in Long Blades
 46625 | Spider:4 | Noticed Nikola
 46632 | Spider:4 | Killed Nikola
 47058 | Spider:4 | Got a gossamer rune of Zot
 47715 | Vaults:1 | Entered Level 1 of the Vaults
 48425 | Vaults:1 | Paralysed by a sphinx for 4 turns
 49015 | Vaults:1 | Found Ytim Amo's Antique Armour Boutique.
 49070 | Vaults:1 | Bought a brightly glowing plate armour for 840 gold pieces
 49081 | Vaults:1 | Identified the +1 plate armour of Lucidity {Dex+6} (You
                  | bought it in a shop on level 1 of the Vaults)
 49497 | Vaults:1 | Found a runed translucent door.
 49497 | Vaults:1 | Found a shimmering altar of Xom.
 49497 | Vaults:1 | Identified the +7 scimitar of Destiny {chaos, +Inv rF-
                  | Str+5 Dex-2}
 49497 | Vaults:1 | Noticed Tang's ghost (master DsGl)
 49684 | Vaults:1 | Reached XP level 19. HP: 115/138 MP: 20/36
 50089 | Vaults:2 | Reached skill level 19 in Conjurations
 50419 | Vaults:2 | Identified the ring "Tachoisa" {rN+ Slay+4}
 50815 | Vaults:2 | Acquired a +2 pair of gloves of strength
 51102 | Vaults:2 | Identified the cursed ring of Cubb {*Contam rF++ Dex+5
                  | Slay-4}
 52150 | Vaults:2 | Found a staircase to the Crypt.
 53179 | Vaults:3 | Reached skill level 10 in Fighting
 53296 | Vaults:3 | Noticed Margery
 53308 | Vaults:3 | Killed Margery
 53308 | Vaults:3 | Reached XP level 20. HP: 125/147 MP: 25/37
 54976 | Vaults:4 | Noticed Bai Suzhen
 54990 | Vaults:4 | Killed Bai Suzhen
 56697 | Elf:1    | Entered Level 1 of the Elven Halls
 56711 | Elf:1    | Reached skill level 1 in Earth Magic
 56783 | Elf:1    | Reached skill level 1 in Translocations
 56968 | Elf:1    | Identified the +4 kite shield "Syvemodi" {Int+7}
 56968 | Elf:1    | Noticed Donald
 56987 | Elf:1    | Killed Donald
 57126 | Elf:1    | Reached skill level 5 in Shields
 57582 | Elf:1    | Found Toveugau's Weapon Shoppe.
 57593 | Elf:1    | Gained mutation: Your movements are significantly less
                  | encumbered by armour. (ER -6) [demonic ancestry]
 57593 | Elf:1    | Reached XP level 21. HP: 116/159 MP: 31/38
 57856 | Elf:1    | Found Kulam's Distillery.
 57857 | Elf:1    | Found Dost's Armour Emporium.
 57857 | Elf:1    | Found Colinn's Armour Shoppe.
 57864 | Elf:1    | Found Rehiodis's Book Emporium.
 57893 | Elf:1    | Bought a potion of might for 52 gold pieces
 57893 | Elf:1    | Bought a potion of curing for 39 gold pieces
 57893 | Elf:1    | Bought a potion of haste for 130 gold pieces
 57893 | Elf:1    | Bought a potion of curing for 39 gold pieces
 57893 | Elf:1    | Bought a potion of berserk rage for 65 gold pieces
 57893 | Elf:1    | Bought a potion of curing for 39 gold pieces
 58230 | Elf:2    | Found a runed translucent gate.
 58230 | Elf:2    | Found a runed translucent gate.
 58234 | Elf:2    | Learned a level 2 spell: Passwall
 58235 | Elf:2    | Found a runed translucent gate.
 58266 | Elf:2    | Found Ameseinedgh's General Store.
 58311 | Elf:2    | Bought a scroll of magic mapping for 59 gold pieces
 58311 | Elf:2    | Bought a potion of curing for 51 gold pieces
 58328 | Elf:2    | Found Gihyowne's Gadget Shop.
 59085 | Elf:2    | Reached skill level 10 in Shields
 59396 | Depths:1 | Entered Level 1 of the Depths
 59527 | Depths:1 | Acquired 480 gold pieces
 60354 | Depths:1 | Acquired the +4 buckler of Fortification {MP+9 SInv}
 60412 | Depths:1 | You fall into a shaft and drop 1 floor!
 60554 | Depths:2 | Noticed Asterion
 60573 | Depths:2 | Killed Asterion
 60794 | Depths:2 | Found a gateway to Hell.
 60973 | Depths:2 | Found a one-way gate leading to the halls of Pandemonium.
 60985 | Depths:2 | Gained mutation: You are frail. (-10% HP) [a neqoxec]
 61108 | Depths:2 | Gained mutation: Your flesh is heat resistant. (rF+)
                  | [demonic ancestry]
 61108 | Depths:2 | Reached XP level 22. HP: 122/149 MP: 16/39
 61804 | Depths:2 | Identified the Guide on Attacks
 63252 | Depths:3 | Reached skill level 15 in Shields
 63317 | Depths:3 | You fall into a shaft and drop 1 floor!
 63317 | Depths:4 | Noticed Jory
 63323 | Depths:4 | Killed Jory
 64551 | Depths:4 | Found a transporter.
 64555 | Depths:4 | Found a corrupted altar of Lugonu.
 64555 | Depths:4 | Found a transporter.
 64813 | Depths:4 | Noticed a golden dragon
 65115 | Depths:4 | Got a twitching brass ring
 65218 | Depths:4 | Identified the ring of Hiptot {Dex+2 SInv} (You found it on
                  | level 4 of the Depths)
 65223 | Depths:5 | Entered Level 5 of the Depths
 65244 | Depths:5 | Got a bound wooden ring
 65247 | Depths:5 | Identified the ring of the Scavenger {rElec rPois Int+6
                  | Dex+3} (You found it on level 5 of the Depths)
 65422 | Depths:5 | Found a gateway to a ziggurat.
 65427 | Depths:5 | Noticed a caustic shrike
 65427 | Depths:5 | Noticed a caustic shrike
 65427 | Depths:5 | Noticed a caustic shrike
 65428 | Depths:5 | Noticed a caustic shrike
 65430 | Depths:5 | Noticed a caustic shrike
 65434 | Depths:5 | Killed a caustic shrike
 65440 | Depths:5 | Killed a caustic shrike
 65440 | Depths:5 | Reached skill level 5 in Earth Magic
 65448 | Depths:5 | Killed a caustic shrike
 65452 | Depths:5 | Killed a caustic shrike
 65460 | Depths:5 | Killed a caustic shrike
 65800 | Depths:5 | Reached XP level 23. HP: 145/160 MP: 24/40
 67193 | Depths:5 | Noticed a juggernaut
 67233 | Depths:5 | Killed a juggernaut
 67353 | Depths:5 | Reached skill level 15 in Fighting
 67598 | Depths:5 | Found a gate to the Realm of Zot.
 67668 | Depths:5 | Noticed a juggernaut
 67676 | Depths:5 | Killed a juggernaut
 67865 | Depths:5 | Learned a level 7 spell: Spellforged Servitor
 68201 | Vaults:5 | Entered Level 5 of the Vaults
 68204 | Vaults:5 | Reached skill level 1 in Summonings
 68320 | Vaults:5 | Reached skill level 5 in Summonings
 68842 | Vaults:5 | HP: 7/164 [shadow dragon/bolt of negative energy (49)]
 68847 | Vaults:5 | HP: 4/164 [shadow dragon (5)]
 68848 | Vaults:5 | Killed from afar by a titan

Illustrated notes

Levels and vault maps discovered:
D:1:      kb_arrival_jail, layout_basic
D:2:      layout_basic, lemuel_crystal_altar
D:3:      layout_rooms, kiku_gazebo_garden_becter, feat_on_display, uniq_ijyb,
          uniq_jessica
D:4:      layout_loops_ring, grunt_temple_overflow_gold_and_silver,
          minmay_temple_entry_statues_pillars, biasface_ghost_orc_armoury,
          uniq_robin
D:5:      layout_loops_ring, first_ration, uniq_grinder
D:6:      layout_loops_corners, nicolae_qazlal_style_of_elements,
          nicolae_dithmenos_the_darkroom, serial_shops, shop,
          minmay_misc_feat_tiny, uniq_sigmund
D:7:      layout_basic, serial_shops, shop_statue,
          lightli_ossuary_entry_decrepit_ruins, trog_three_pillars_becter
D:8:      layout_layer_cave, dpeg_lair_monsters, uniq_pikel
D:9:      layout_roguey [special_room_orc], grunt_decor_cap
D:10:     layout_rooms, david_orc_5, hangedman_fish_farm, minmay_radiant,
          uniq_erica
D:11:     minmay_the_grid_four_pointed_star_mashed
          [minmay_the_grid_triangle_9x9_wacky_v,
          minmay_the_grid_triangle_9x9_steps,
          minmay_the_grid_triangle_9x9_alien,
          minmay_the_grid_triangle_9x9_checkered,
          minmay_the_grid_prize_four_corners], layout_basic,
          gauntlet_entry_generic
D:12:     evilmike_library_of_no_secrets, layout_basic, serial_shops,
          nicolae_shop_stone, uniq_josephine, uniq_jorgrun
D:13:     gammafunk_beogh_shrine, layout_irregular_city, david_vaults_3,
          basic_altar, uniq_snorg
D:14:     layout_loops_corners
D:15:     grunt_enter_depths_snipers, layout_long_grid, dk_noncrumbling_4,
          hangedman_abyss_or_decor_jellyfish_corner,
          hangedman_abyss_or_decor_stagger, minmay_hollow_rounded_squares
Temple:   eino_temple_rhombus
Lair:1:   layout_misc_corridors, special_room [special_room_bee],
          infiniplex_staircase_pool_2
Lair:2:   regret_index_wax_grids, layout_gridlike,
          chequers_serial_rivers_large_b
Lair:3:   layout_cave_pods, spider_nest_entry_a, enter_volcano_2,
          grunt_megastairs_3, lemuel_fruit_fields
Lair:4:   layout_regular_city, nicolae_swamp_entry_splash_gauntlet, basic_altar,
          serial_bayou_shore_b, minmay_lair_oklob_chamber
Lair:5:   layout_loops_ring, grunt_megastairs_1, uniq_nessos
Lair:6:   minmay_lair_end_enchanted_forest, layout_long_grid,
          dpeg_slime_entry_enclosed_altar, minmay_lindwurm_lava
Swamp:1:  layout_basic_swamp, nicolae_swamp_dense_foliage
Swamp:2:  layout_falls_marsh, evilmike_swamp_ruin_house_4, swamp_pool2,
          nicolae_swamp_fairy_circle, uniq_aizul, uniq_roxanne
Swamp:3:  layout_falls_marsh, nicolae_swamp_trees_clearing, swamp_pool1,
          infiniplex_staircase_pool, uniq_mara
Swamp:4:  swamp_icy, layout_basic_swamp
Spider:1: layout_spider_delve
Spider:2: spiders_nest_a
Spider:3: layout_spider_delve, portal_ice_cave_entry_ice_statue_one,
          hangedman_spider_mandibles
Spider:4: spider_rune_water, minmay_another_anthill, uniq_nikola
Orc:1:    lemuel_ogre_cave, layout_caves, nicolae_orc_stony_grotto,
          roderic_batcave
Orc:2:    grunt_orc_cross, layout_caves, gammafunk_ghost_abyssal_escape,
          sword_in_stone, uniq_azrael
Elf:1:    eino_elf_arrival_the_gate, layout_loops_corners, serial_shops, shop,
          hangedman_elf_disciples, solitary_fountain, minmay_shoptagon,
          uniq_donald
Elf:2:    layout_rooms, serial_shops, shop, shop
Vaults:1: ebering_vaults_ghost_xom, nicolae_vaults_murderbox,
          ontoclasm_vaults_ring_square, grunt_vaults_diagonal, v_misc_16,
          v_misc_18, vaults_room_fours, vaults_dpeg_spiral,
          nicolae_vaults_little_squares_3, nicolae_vaults_three_branches,
          nicolae_vaults_diagonal_hallway_8, layout_vaults_ring, serial_shops,
          shop
Vaults:2: v_rooms_2, hangedman_vaults_corner, nicolae_vaults_specimen_jars,
          v_misc_30, hangedman_vaults_capsules,
          minmay_crypt_entry_skeletal_spiral, dpeg_vaults_waves, v_pattern_4,
          grunt_vaults_funnel, layout_vaults_omnicross
Vaults:3: v_alt_pattern_2, nicolae_vaults_network_quinsquares
          [nicolae_vaults_network_quincunx_subvault,
          nicolae_vaults_network_quincunx_subvault,
          nicolae_vaults_network_quincunx_subvault,
          nicolae_vaults_network_quincunx_subvault], hangedman_vaults_locks,
          v_misc_15, hangedman_vaults_slither, nicolae_vaults_minivaults,
          v_misc_12, nicolae_vaults_shelves_hall, layout_vaults_omnigrid,
          uniq_margery
Vaults:4: dpeg_vaults_monster_row, nicolae_vaults_alarming,
          ontoclasm_vaults_ligature, vaults_room_ringed_pool,
          vaults_room_hallway, vaults_room_pools, dpeg_vaults_monster_box,
          st_lattice, nicolae_vaults_shelves_hall, vaults_room_corners,
          layout_vaults_chaotic_city, uniq_bai_suzhen
Vaults:5: serial_shops, uniq_mennas, uniq_frederick
Depths:1: layout_big_octagon, hangedman_decor_cross_pass, lightli_too_deep,
          drop_trap, kennysheep_decorative_pillar,
          chequers_serial_rivers_small_b, minmay_misc_feat_ornament,
          grunt_ministairs_13
Depths:2: minmay_ambush_box, layout_gridlike, grunt_pan_entry_spiral,
          pf_hell_entry_tar_river, abyss_entry_small_statue_room,
          patterned_corridor, uniq_asterion
Depths:3: evilmike_inaccessible_box, layout_gridville, rand_demon_pan_entry_7,
          nrook_mini_backslash, hell_entry
Depths:4: gammafunk_corrupted_shrine, layout_cave_shapes,
          hangedman_abyss_entry_splay, serial_bayou_pond_d, hell_entry,
          st_stairs_4, infiniplex_staircase_zigzag_1, serial_bayou_shore_b,
          uniq_jory
Depths:5: grunt_runaround [grunt_runaround_doors_1, grunt_runaround_doors_2,
          grunt_runaround_doors_3, grunt_runaround_doors_4,
          grunt_runaround_zot], hell_entry

Skill      XL: |  1  2  3  4  5  6  7  8  9 10 11 12 13 14 15 16 17 18 19 20 21 22 23 |
---------------+----------------------------------------------------------------------+-----
Poison Magic   | 4 5 6 7 8 |  8.6
Spellcasting   | 3 4 5 6 8 9 10 11 12 13 | 13.9
Fire Magic     | 1 4 7 8 11 12 13 | 13.6
Conjurations   | 3 5 9 12 15 16 18 19 | 19.9
Fighting       | 3 7 8 9 10 12 14 15 | 15.7
Armour         | 3 5 6 10 12 | 12.5
Dodging        | 3 4 5 |  5.7
Shields        | 2 4 7 13 15 | 15.0
Long Blades    | 8 12 14 | 14.9
Earth Magic    | 2 5 |  5.7
Translocations | 1 |  1.4
Summonings     | 5 |  5.7
Stealth        | |  1.7
Transmutations | |  0.8

Action                   |  1- 3 |  4- 6 |  7- 9 | 10-12 | 13-15 | 16-18 | 19-21 | 22-24 || total
-------------------------+-------+-------+-------+-------+-------+-------+-------+-------++-------
Melee: Spear             |    26 |       |       |       |       |       |       |       ||    26
       Unarmed           |     5 |       |       |       |       |       |       |       ||     5
       Dagger            |    50 |    81 |       |       |       |       |       |       ||   131
       Headbutt          |       |    10 |    18 |    18 |    82 |   243 |   265 |   144 ||   780
       Short sword       |       |    11 |    34 |       |       |       |       |       ||    45
       Staff             |       |       |    91 |   162 |   306 |   586 |       |       ||  1145
       Demon blade       |       |       |       |       |       |   261 |   927 |   392 ||  1580
       Quick blade       |       |       |       |       |       |       |    11 |       ||    11
 Cast: Sting             |    56 |    39 |    24 |     6 |       |       |       |       ||   125
       Poisonous Vapours |     6 |    37 |    48 |   116 |   189 |    50 |    42 |    13 ||   501
       Foxfire           |       |       |    56 |    16 |    13 |    66 |     1 |       ||   152
       Ignite Poison     |       |       |    11 |    28 |    88 |   107 |   167 |    64 ||   465
       Mephitic Cloud    |       |       |     4 |    14 |    16 |    26 |     8 |     7 ||    75
       Olgreb's Toxic Ra |       |       |     6 |    23 |    54 |    74 |   102 |    36 ||   295
       Sticky Flame      |       |       |       |    30 |    79 |   190 |    19 |    22 ||   340
       Fireball          |       |       |       |    13 |    20 |    26 |     8 |    12 ||    79
       Orb of Destructio |       |       |       |       |   105 |    72 |    28 |    31 ||   236
       Iron Shot         |       |       |       |       |    28 |     4 |    24 |   101 ||   157
       Bolt of Magma     |       |       |       |       |       |    39 |    14 |    44 ||    97
       Blink             |       |       |       |       |       |       |       |     1 ||     1
       Spellforged Servi |       |       |       |       |       |       |       |     1 ||     1
Evoke: Wand              |       |       |     1 |       |     1 |     1 |       |       ||     3
  Use: Potion            |     3 |     3 |       |     2 |    16 |    19 |     8 |    13 ||    64
       Scroll            |       |       |    13 |    14 |    18 |    19 |     8 |    15 ||    87
 Stab: Sleeping          |     3 |     1 |     1 |       |       |       |       |       ||     5
       Confused          |       |       |     2 |     1 |     1 |     2 |     2 |     5 ||    13
       Distracted        |       |       |       |       |       |       |       |     3 ||     3
  Eat: Chunk             |     6 |    11 |     9 |    16 |    48 |    41 |    41 |    24 ||   196
       Ration            |       |       |     2 |     4 |    19 |    17 |     2 |     5 ||    49
Armor: Robe              |    13 |       |       |       |       |       |       |       ||    13
       Leather armour    |    15 |    36 |    73 |    88 |    74 |       |       |       ||   286
       Skin              |     8 |    14 |       |       |       |       |       |       ||    22
       Plate armour      |       |       |       |       |   143 |   912 |   385 |   172 ||  1612
Dodge: Dodged            |    83 |    65 |    94 |   184 |   270 |   661 |   285 |    94 ||  1736
Block: Buckler           |       |       |       |       |   120 |   477 |   190 |       ||   787
       Kite shield       |       |       |       |       |       |       |   116 |   293 ||   409
       Rpst.: Demon blade |       |       |       |       |       |    25 |    51 |     9 ||    85
